 Dungeon Crawl Stone Soup version 0.21.1-1-g345015f (webtiles) character file.

30 Iko the Caller (level 3, -2/24 HPs)
             Began as a Minotaur Summoner on May 13, 2018.
             Slain by an orc
             ... wielding a +0 trident
              (6 damage)
             ... on level 3 of the Dungeon.
             The game lasted 00:03:30 (399 turns).

Iko the Caller (Minotaur Summoner)                   Turns: 399, Time: 00:03:31

Health: -2/24      AC:  5    Str: 12    XL:     3   Next: 5%
Magic:  4/4        EV: 12    Int: 12    God:
Gold:   12         SH:  0    Dex: 11    Spells: 4/5 levels left

rFire    . . .     SeeInvis .   d - +0 whip
rCold    . . .     Gourm    .   (no shield)
rNeg     . . .     Faith    .   a - +0 robe
rPois    .         Spirit   .   (helmet restricted)
rElec    .         Reflect  .   (no cloak)
rCorr    .         Harm     .   (no gloves)
MR       .....                  (no boots)
Stlth    ++........             (no amulet)
HPRegen  0.08/turn              (no ring)
MPRegen  0.09/turn              (no ring)

@: no status effects
A: retaliatory headbutt, horns 2, molten scales 1, rugged brown scales 1, frail
1, high mp 1
a: no special abilities


You were on level 3 of the Dungeon.
You were not hungry.

You visited 1 branch of the dungeon, and saw 3 of its levels.

You collected 12 gold pieces.

Inventory:

Hand Weapons
 d - a +0 whip (weapon)
Armour
 a - a +0 robe (worn)
Books
 b - a book of Callings

   Spells                             Type                      Level
   a - Summon Small Mammal            Summoning                    1
   b - Call Imp                       Summoning                    2
   c - Call Canine Familiar           Summoning                    3
   d - Summon Guardian Golem          Hexes/Summoning              3
   e - Summon Lightning Spire         Summoning/Air                4
   f - Summon Ice Beast               Ice/Summoning                4
Comestibles
 c - 2 rations


   Skills:
 + Level 0.2 Fighting
 + Level 0.6 Maces & Flails
 + Level 2.3 Dodging
 + Level 1.7 Stealth
 + Level 1.5 Spellcasting
 + Level 3.4 Summonings


You had 4 spell levels left.
You knew the following spells:

 Your Spells              Type           Power        Failure   Level  Hunger
a - Summon Small Mammal   Summ           #...         7%          1    ##.....


Dungeon Overview and Level Annotations

Branches:
Dungeon (3/15)

Altars:


Innate Abilities, Weirdness & Mutations

You reflexively headbutt those who attack you in melee.
You have a pair of horns on your head.
You are partially covered in molten scales. (AC +2)
You are partially covered in rugged brown scales. (AC +1, +3% HP)
You are frail. (-10% HP)
You have an increased reservoir of magic. (+10% MP)


Message History

You barely miss the orc. The orc barely misses you. You furiously retaliate!
You headbutt the orc!
You kill the orc!
You have reached level 3!
Your experience leads to an increase in your attributes!
Increase (S)trength, (I)ntelligence, or (D)exterity?
You feel agile.
You see here a dagger. 2 orcs come into view.
The orc shouts! x2
You closely miss the orc. The orc hits you but does no damage.
You hit the orc.
You kill the orc!
The orc closely misses you. You furiously retaliate!
You headbutt the orc.
Things that are here:
a short sword; an orc corpse You hit the orc but do no damage.
The orc is lightly wounded.
The orc hits you with a trident.
You die...

#............#
#............#
######.......#
#.####### #.#
#.### #.).#
###.#####.#
#.@o....#
#########


You could see an orc.

Vanquished Creatures
  2 adders (D:3)
  A leopard gecko (D:2)
  2 orcs (D:3)
  A bat (D:1)
  A giant cockroach (D:1)
  A kobold (D:1)
  2 rats
10 creatures vanquished.

Notes
Turn   | Place    | Note
-------+----------+-------------------------------------------
     0 | D:1      | Iko the Minotaur Summoner began the quest for the Orb.
     0 | D:1      | Reached XP level 1. HP: 14/14 MP: 1/1
    49 | D:1      | Reached skill level 3 in Summonings
   166 | D:1      | Gained mutation: You are frail. (-10% HP) [potion of mutation]
   166 | D:1      | Gained mutation: You have an increased reservoir of magic. (+10% MP) [potion of mutation]
   166 | D:1      | Gained mutation: You are partially covered in rugged brown scales. (AC +1, +3% HP) [potion of mutation]
   166 | D:1      | Gained mutation: You are partially covered in molten scales. (AC +2) [potion of mutation]
   351 | D:3      | Reached XP level 2. HP: 11/18 MP: 3/3
   391 | D:3      | Reached XP level 3. HP: 3/24 MP: 4/4
   399 | D:3      | Slain by an orc

Skill      XL: |  1 |
---------------+----+-----
Summonings     | 3 |  3.4
Fighting       | |  0.2
Maces & Flails | |  0.6
Dodging        | |  2.3
Stealth        | |  1.7
Spellcasting   | |  1.5

Action                   || total
-------------------------++-------
Melee: Whip              ||    36
       Headbutt          ||     3
  Use: Potion            ||     1
 Stab: Sleeping          ||     2
Armor: Robe              ||    15
Dodge: Dodged            ||    26
